 Dungeon Crawl Stone Soup version 0.24.0-1-gfbc8707 (webtiles) character file.

Game seed: 10106020869796770488, levelgen mode: deterministic

693160 BoppinsLewinski the Slayer (level 27, -7/251 HPs)
             Began as a Demonspawn Gladiator on Nov 3, 2019.
             Was the Champion of Makhleb.
             Mangled by an Orb Guardian (28 damage)
             ... on level 5 of the Realm of Zot.
             The game lasted 05:10:59 (81476 turns).

BoppinsLewinski the Slayer (Demonspawn Gladiator)  Turns: 81476, Time: 05:11:00

Health: -7/251     AC: 25    Str: 37    XL:     27
Magic:  0/36       EV: 21    Int: 18    God:    Makhleb [******]
Gold:   2055       SH: 33    Dex: 18    Spells: 26/26 levels left

rFire    + + +     SeeInvis .   y - +8 demon trident (chaos)
rCold    + + .     Gourm    .   g - +8 large shield
rNeg     . . .     Faith    .   H - +7 chain mail "Sulam" {rC+ Str+10}
rPois    +         Spirit   +   (helmet unavailable)
rElec    .         Reflect  .   K - +2 cloak {rPois}
rCorr    +         Harm     .   (gloves unavailable)
MR       ++++.     Clarity  +   (boots unavailable) Stlth +.........NoTele +
                                a - amulet of rage
HPRegen  0.51/turn              k - ring "Ywkef" {+Blink +Fly MR++ Int+4 Dex+3}
MPRegen  0.50/turn              n - ring "Nykk" {-Tele rPois rF+++ rCorr Int+4}

@: studying Throwing
A: claws 3, fangs 1, hooves 3, horns 3, clarity, cold resistance 1,
deterioration 1, nightstalker 3, passive freeze, robust 1, magic shield, magic
regeneration, magic link, no potion heal 1, freezing cloud immunity
}: 4/15 runes: decaying, serpentine, slimy, silver
a: Minor Destruction, Lesser Servant of Makhleb, Major Destruction, Greater
Servant of Makhleb, Renounce Religion, Evoke Blink, Evoke Berserk Rage, Evoke
Flight


You were on level 5 of the Realm of Zot.
You worshipped Makhleb.
Makhleb was exalted by your worship.
You were not hungry.

You visited 11 branches of the dungeon, and saw 55 of its levels.
You visited 1 bazaar.
You also visited: Trove, Sewer, Volcano and Wizlab.

You collected 7339 gold pieces.
You spent 5284 gold pieces at shops.

Inventory:

Hand Weapons
 y - a +8 demon trident of chaos (weapon)
 N - the +7 lajatang of Order {silver, rMut}
   (You found it in a treasure trove)

   It protects you from mutation.
Missiles
 s - 6 throwing nets
 C - 12 silver javelins (quivered)
 E - 50 boomerangs
Armour
 g - a +8 large shield (worn)
 H - the +7 chain mail "Sulam" (worn) {rC+ Str+10}
   (You found it on level 9 of the Dungeon)

   It affects your strength (+10).
   It protects you from cold.
 K - a +2 cloak of poison resistance (worn)
Jewellery
 a - an amulet of rage (around neck)
 j - an uncursed amulet of the acrobat
 k - the ring "Ywkef" (left claw) {+Blink +Fly MR++ Int+4 Dex+3}
   (You took it off a yaktaur on level 2 of the Depths)

   [ring of flight]

   It affects your intelligence (+4).
   It affects your dexterity (+3).
   It affects your resistance to hostile enchantments.
   It lets you fly.
   It lets you blink.
 m - an uncursed ring of see invisible
 n - the ring "Nykk" (right claw) {-Tele rPois rF+++ rCorr Int+4}
   (You found it on level 5 of the Depths)

   [ring of resist corrosion]

   It affects your intelligence (+4).
   It renders you almost immune to fire.
   It protects you from poison.
   It prevents most forms of teleportation.
   It provides partial protection from all sources of acid and corrosion.
 p - an uncursed ring of protection from cold
 r - an uncursed amulet of magic regeneration {unknown}
 I - the ring of Xom's Righteous Anger {Fire MR+ Str+3}
   (You took it off a vault warden on level 5 of the Vaults)

   [ring of fire]

   It enhances your fire magic.
   It affects your strength (+3).
   It protects you from fire.
   It makes you vulnerable to cold.
   It affects your resistance to hostile enchantments.
 L - a +5 amulet of reflection
 V - an uncursed amulet of regeneration
 Y - an uncursed ring of resist corrosion
 Z - the ring "Xetrem" {rElec rN+}
   (You bought it in a shop on level 2 of the Elven Halls)

   [ring of positive energy]

   It insulates you from electricity.
   It protects you from negative energy.
Wands
 e - a wand of disintegration (39)
 u - a wand of acid (6)
 v - a wand of digging (2)
 z - a wand of clouds (5)
 M - a wand of iceblast (42)
 Q - a wand of paralysis (30)
Scrolls
 b - 16 scrolls of remove curse
 d - 10 scrolls of teleportation
 i - 7 scrolls of blinking
 t - 6 scrolls of fog
 J - a scroll of immolation
 S - 4 scrolls of fear
 W - 2 scrolls of silence
 X - 3 scrolls of identify
Potions
 h - 8 potions of haste
 q - 3 potions of cancellation
 A - a potion of mutation
 D - 7 potions of heal wounds
 F - 11 potions of curing
 O - 4 potions of flight
 P - 2 potions of agility
 R - a potion of resistance
 T - 9 potions of lignification
Books
 c - a manual of Throwing
Miscellaneous
 l - a lightning rod (4/4)
 o - a fan of gales (inert)
 w - a phantom mirror
 B - a phial of floods
 G - a lamp of fire
 U - 5 sacks of spiders
Comestibles
 f - 64 rations


   Skills:
 + Level 21.6 Fighting
 * Level 21.5 Polearms
 - Level 9.3 Throwing
 + Level 17.5 Armour
 + Level 16.9 Dodging
 + Level 17.5 Shields
 - Level 18.0 Invocations
 + Level 18.5 Evocations


You had 26 spell levels left.
You didn't know any spells.
Your spell library contained the following spells:

 Spells                   Type           Power        Failure   Level  Hunger
 Apportation              Tloc           #.....       80%         1    ##.....
 Confusing Touch          Hex            #.....       80%         1    ##.....
 Corona                   Hex            #......      80%         1    ##.....
 Flame Tongue             Conj/Fire      #....        80%         1    ##.....
 Freeze                   Ice            #...         80%         1    ##.....
 Infusion                 Chrm           #...         80%         1    ##.....
 Magic Dart               Conj           #...         80%         1    ##.....
 Shock                    Conj/Air       #...         80%         1    ##.....
 Summon Butterflies       Summ           #.......     80%         1    ##.....
 Summon Small Mammal      Summ           #...         80%         1    ##.....
 Blink                    Tloc           N/A          91%         2    ###....
 Call Imp                 Summ           #.......     91%         2    ###....
 Ensorcelled Hibernation  Hex/Ice        #.....       91%         2    ###....
 Passwall                 Tmut/Erth      #.......     91%         2    ###....
 Poisonous Vapours        Pois/Air       #.....       91%         2    ###....
 Searing Ray              Conj           #.....       91%         2    ###....
 Shroud of Golubria       Chrm/Tloc      #.....       91%         2    ###....
 Slow                     Hex            #.......     91%         2    ###....
 Song of Slaying          Chrm           #.......     91%         2    ###....
 Sticks to Snakes         Tmut           #.......     91%         2    ###....
 Sublimation of Blood     Necr           #.........   91%         2    ###....
 Swiftness                Chrm/Air       #.......     91%         2    ###....
 Throw Flame              Conj/Fire      #.....       91%         2    ###....
 Throw Frost              Conj/Ice       #.....       91%         2    ###....
 Call Canine Familiar     Summ           #.......     99%         3    ####...
 Confuse                  Hex            #.......     99%         3    ####...
 Conjure Flame            Conj/Fire      #.......     99%         3    ####...
 Dazzling Spray           Conj/Hex       #.....       99%         3    ####...
 Gell's Gravitas          Tloc           #.........   99%         3    ####...
 Ignite Poison            Fire/Tmut/Pois #.......     99%         3    ####...
 Inner Flame              Hex/Fire       #.......     99%         3    ####...
 Mephitic Cloud           Conj/Pois/Air  #.......     99%         3    ####...
 Ozocubu's Armour         Chrm/Ice       #.......     99%         3    ####...
 Regeneration             Chrm/Necr      #.........   99%         3    ####...
 Spectral Weapon          Hex/Chrm       #.......     99%         3    ####...
 Summon Guardian Golem    Hex/Summ       #.......     99%         3    ####...
 Tukima's Dance           Hex            #.......     99%         3    ####...
 Airstrike                Air            #.........   100%        4    #####..
 Animate Dead             Necr           N/A          100%        4    #####..
 Force Lance              Conj/Tloc      #.......     100%        4    #####..
 Fulminant Prism          Conj/Hex       #.........   100%        4    #####..
 Ice Form                 Ice/Tmut       #.......     100%        4    #####..
 Iskenderun's Mystic Bla  Conj           #.......     100%        4    #####..
 Leda's Liquefaction      Hex/Erth       #.........   100%        4    #####..
 Passage of Golubria      Tloc           N/A          100%        4    #####..
 Petrify                  Tmut/Erth      #.......     100%        4    #####..
 Sticky Flame             Conj/Fire      #.......     100%        4    #####..
 Summon Ice Beast         Ice/Summ       #.......     100%        4    #####..
 Summon Lightning Spire   Summ/Air       #.......     100%        4    #####..
 Throw Icicle             Conj/Ice       #.......     100%        4    #####..
 Alistair's Intoxication  Tmut/Pois      #.......     100%        5    ######.
 Bolt of Draining         Conj/Necr      #.........   100%        5    ######.
 Bolt of Magma            Conj/Fire/Erth #.........   100%        5    ######.
 Dispel Undead            Necr           #.......     100%        5    ######.
 Fireball                 Conj/Fire      #.........   100%        5    ######.
 Irradiate                Conj/Tmut      #.........   100%        5    ######.
 Iskenderun's Battlesphe  Conj/Chrm      #.......     100%        5    ######.
 Lee's Rapid Deconstruct  Erth           #.........   100%        5    ######.
 Lightning Bolt           Conj/Air       #.........   100%        5    ######.
 Metabolic Englaciation   Hex/Ice        #.........   100%        5    ######.
 Summon Demon             Summ           #.........   100%        5    ######.
 Summon Mana Viper        Hex/Summ       #.......     100%        5    ######.
 Venom Bolt               Conj/Pois      #.........   100%        5    ######.
 Yara's Violent Unravell  Hex/Tmut       #.........   100%        5    ######.
 Bolt of Cold             Conj/Ice       #.........   100%        6    #######
 Bolt of Fire             Conj/Fire      #.........   100%        6    #######
 Darkness                 Hex            #.........   100%        6    #######
 Death Channel            Necr           #.........   100%        6    #######
 Dispersal                Tloc           #.........   100%        6    #######
 Freezing Cloud           Conj/Ice/Air   #.........   100%        6    #######
 Invisibility             Hex            #.......     100%        6    #######
 Iron Shot                Conj/Erth      #.........   100%        6    #######
 Ozocubu's Refrigeration  Ice            #.........   100%        6    #######
 Simulacrum               Ice/Necr       #.........   100%        6    #######
 Statue Form              Tmut/Erth      #........    100%        6    #######
 Haunt                    Necr/Summ      #.........   100%        7    #######
 Malign Gateway           Summ/Tloc      #.........   100%        7    #######
 Orb of Destruction       Conj           #.........   100%        7    #######
 Ring of Flames           Chrm/Fire      #.........   100%        7    #######
 Spellforged Servitor     Conj/Summ      #.........   100%        7    #######
 Summon Hydra             Summ           #.........   100%        7    #######
 Borgnjor's Revivificati  Necr           #.........   100%        8    #######
 Controlled Blink         Tloc           N/A          100%        8    #######
 Death's Door             Chrm/Necr      #.........   100%        8    #######
 Ignition                 Fire           #.........   100%        8    #######
 Infestation              Necr           #.........   100%        8    #######
 Necromutation            Tmut/Necr      #.........   100%        8    #######
 Shatter                  Erth           #.........   100%        9    #######


Dungeon Overview and Level Annotations

Branches:
Dungeon (15/15)            Temple (1/1) D:6            Lair (6/6) D:8
  Swamp (4/4) Lair:3        Snake (4/4) Lair:4        Slime (5/5) Lair:6
    Orc (2/2) D:9             Elf (3/3) Orc:2        Vaults (5/5) D:14
  Crypt (0/3) Vaults:3     Depths (5/5) D:15            Zot (5/5) Depths:5
  Sewer (visited)         Volcano (visited)          WizLab (visited)

Altars:
Ashenzari
Cheibriados
Dithmenos
Elyvilon
Fedhas
Gozag
Hepliaklqana
Kikubaaqudgha
Makhleb
Nemelex Xobeh
Okawaru
Qazlal
Ru
Sif Muna
Trog
Uskayaw
Vehumet
Wu Jian
Xom
Yredelemnul
Zin
The Shining One
Beogh

Shops:
D:8 %   D:15 *   Orc:2 ((*%   Elf:1 %   Elf:2 ==}*   Depths:3 =

Portals:
Hell: Lair:6 Depths:1 Depths:2 Depths:3 Depths:5
Abyss: Depths:2
Pandemonium: Depths:3 Depths:5
Ziggurat: Depths:5

Annotations:
D:6 1 runed translucent door, TheDoctor's ghost, novice OpAE
D:15 exclusion: Roxanne, Roxanne
Elf:2 4 runed translucent doors
Depths:2 2 runed translucent doors, exclusion: downstairs
Depths:4 1 runed translucent door, exclusion: downstairs
Zot:3 2 transporters, glubgluby's ghost, master MiBe


Innate Abilities, Weirdness & Mutations

You have claws for hands.
You have hooves in place of feet.
You have a pair of large horns on your head.
Your flesh is cold resistant. (rC+)
You are completely attuned to the shadows.
A frigid envelope surrounds you and freezes all who hurt you.
When hurt, damage is shared between your health and your magic reserves.
You regenerate magic rapidly.
When low on magic, you restore magic in place of health.
You are immune to freezing clouds.
You have very sharp teeth.
You possess an exceptional clarity of mind.
Your body sometimes deteriorates upon taking damage.
You are robust. (+10% HP)
Potions are less effective at restoring your health.


Message History

The quicksilver dragon is very cold.
The quicksilver dragon is moderately wounded.
You block the quicksilver dragon's attack.
You block the Orb Guardian's attack.
Your system partially rejects the healing.
You feel much better. The Orb Guardian hits you!!
* * * LOW HITPOINT WARNING * * *
The Orb Guardian is very cold.
The Orb Guardian is heavily wounded.
You block the quicksilver dragon's attack.
The quicksilver dragon claws you!
* * * LOW HITPOINT WARNING * * *
The quicksilver dragon is very cold.
The quicksilver dragon is moderately wounded.
You block the Orb Guardian's attack. x2; The Orb Guardian hits you.
* * * LOW HITPOINT WARNING * * *
The Orb Guardian is very cold.
The Orb Guardian is moderately wounded.
The Orb Guardian hits you!!
You die...

##..............##
#................##
....^.....^.......##
........^..........#
...............^...#
....†...^..........#
.........,.........#
.........,,........#
.........,,,...X@X.#
.........,,,...XXD##
#........,,,..%..##
........,,,,....##
▓▓▓▓▓▓▓▓**,,...▓*
*,,,,,,,,,,,,,,,**
,,,,,,,,,,,,,,,,,**
,,,,,,,,,,,,,,,,,,**
,,,,,,,,,,,,,,,,,,,*


You could see a quicksilver dragon and 4 Orb Guardians.

Vanquished Creatures
  the Royal Jelly (Slime:5)
  Dissolution (Slime:2)
  7 orbs of fire
  Mara (Depths:2)
  2 ancient liches (Zot:5)
  2 juggernauts
  the Lernaean hydra (Swamp:4)
  4 Killer Klowns (Zot:5)
  Vashnia (Snake:3)
  Frederick (Depths:3)
  3 curse toes
  Saint Roka (Elf:3)
  9 golden dragons
  2 bone dragons (Depths:5)
  Jory (Depths:3)
  15 tentacled monstrosities
  2 electric golems
  Rupert (Lair:3)
  A Cloud Mage (WizLab)
  Jorgrun (Snake:3)
  5 titans
  16 Orb Guardians (Zot:5)
  9 quicksilver dragons
  3 deep elf blademasters (Elf:3)
  27 acid blobs
  2 deep elf master archers (Elf:3)
  2 liches
  A sphinx (shapeshifter) (Vaults:4)
  10 death cobs
  Kirke (Swamp:2)
  8 sphinxes
  Agnes (D:15)
  15 storm dragons
  9 shadow dragons
  7 draconian monks
  7 tengu reavers
  12 azure jellies
  11 deep elf sorcerers
  8 nagarajas (Snake:4)
  9 draconian scorchers
  8 draconian knights
  18 frost giants
  8 fire giants
  2 iron dragons (Vaults:5)
  2 orc warlords
  A ghost moth (Zot:3)
  4 deep elf elementalists
  Louise (D:15)
  12 vault wardens
  Aizul (Elf:3)
  4 spriggan defenders
  8 draconian shifters
  8 draconian stormcallers
  21 very ugly things
  18 ironheart preservers
  6 draconian annihilators
  A war gargoyle (Vaults:5)
  5 green draconians
  20 stone giants
  An entropy weaver (Vaults:5)
  4 deep elf demonologists
  4 vampire knights
  9 deep elf annihilators
  16 purple draconians
  Nessos (D:13)
  14 white draconians
  9 yellow draconians
  10 black draconians
  20 red draconians
  3 spark wasps
  4 blizzard demons
  A merfolk impaler (Depths:4)
  8 ettins
  6 deep elf death magi
  21 yaktaur captains
  10 fire dragons
  8 death oozes (Slime:5)
  15 great orbs of eyes
  5 deep elf high priests
  Josephine (D:15)
  4 rakshasas
  Harold (Orc:1)
  12 ice dragons
  21 hydras
  3 spriggan air magi
  37 vault guards
  10 alligators
  The ghost of THUG4L1F3 the Thrower, a novice TrHu of Okawaru (D:9)
  9 anacondas
  3 death knights
  12 centaur warriors
  10 ghost crabs
  A shambling mangrove (Swamp:2)
  18 naga warriors
  14 dancing weapons
  Erica (D:9)
  7 tengu warriors
  4 deep troll shamans
  7 death yaks
  Urug (Lair:1)
  16 ogre magi
  55 two-headed ogres
  4 deep troll earth magi
  16 naga sharpshooters
  2 vampire magi (Depths:2)
  2 spriggan berserkers
  A small abomination (Elf:3)
  2 soul eaters (Depths:5)
  4 orc high priests (Orc:2)
  6 hell knights
  10 shock serpents
  15 deep elf knights
  A sun demon (Depths:5)
  A sixfirhy (Lair:6)
  23 deep trolls
  A glowing orange brain (shapeshifter) (Depths:4)
  11 skeletal warriors
  8 sea snakes (Snake:4)
  7 death drakes (WizLab)
  2 salamander mystics
  A death drake (shapeshifter) (Vaults:3)
  8 glowing orange brains
  19 ironbrand convokers
  6 naga ritualists
  An orange crystal statue (Zot:5)
  5 unseen horrors
  4 flayed ghosts
  10 swamp dragons
  21 deep elf archers
  A spriggan druid (Swamp:4)
  6 wizards
  An obsidian statue (Depths:5)
  15 orc knights
  4 phantasmal warriors (Vaults:5)
  2 necromancers
  4 mana vipers
  A wolf spider zombie (D:15)
  7 wolf spiders
  59 deep elf magi
  5 orc sorcerers
  6 shining eyes
  47 ugly things
  7 cyclopes
  A manticore (shapeshifter) (Vaults:5)
  An orb spider (Zot:3)
  2 fire giant skeletons (Vaults:3)
  8 salamanders
  39 moths of wrath
  An elephant (shapeshifter) (Vaults:5)
  A guardian serpent (shapeshifter) (Depths:1)
  6 elephants (Lair:6)
  4 centaur zombies (D:15)
  23 black mambas
  2 eyes of devastation (Slime:2)
  A stone giant skeleton (Vaults:3)
  3 gargoyles
  A smoke demon (Lair:6)
  13 vault sentinels
  5 guardian serpents
  5 apocalypse crabs (WizLab)
  13 naga magi
  4 orange demons
  2 efreet
  5 rime drakes
  5 spectral swamp worms (Depths:1)
  A rime drake (shapeshifter) (Depths:3)
  A komodo dragon (shapeshifter) (Depths:5)
  4 kobold demonologists (D:10)
  16 spiny frogs
  8 freezing wraiths
  5 komodo dragons
  2 yaktaurs (shapeshifter)
  3 ice devils (Lair:6)
  54 yaktaurs
  3 yaktaur skeletons (Vaults:3)
  2 tengu conjurers (Depths:4)
  12 tyrant leeches
  A troll (shapeshifter) (Vaults:3)
  A polar bear (shapeshifter) (Vaults:4)
  2 jumping spiders (Zot:3)
  3 human skeletons
  2 queen bees
  2 queen bees (shapeshifter)
  4 meliai
  2 red devils
  2 polar bears (Lair:6)
  8 trolls
  A wind drake (WizLab)
  12 hornets
  A sphinx simulacrum (Vaults:3)
  5 bog bodies
  A hornet (shapeshifter) (Depths:3)
  15 blink frogs (Lair:6)
  A dream sheep (shapeshifter) (Vaults:5)
  A raiju (shapeshifter) (Vaults:2)
  96 slime creatures
  A hippogriff (shapeshifter) (Vaults:1)
  A dream sheep (Lair:6)
  12 air elementals
  5 spriggans
  7 hippogriffs
  2 vampires
  A redback (Vaults:5)
  A spriggan (shapeshifter) (Depths:2)
  4 shadows
  4 tarantellas
  29 fire elementals
  4 wyverns
  3 ettin skeletons (Vaults:3)
  41 yaks
  15 water elementals
  10 wraiths
  A wyvern (shapeshifter) (Vaults:3)
  10 basilisks
  10 golden eyes
  Grum (D:8)
  A hog (Swamp:2)
  2 hungry ghosts
  6 fire bats
  31 vampire mosquitoes
  2 steam dragons
  8 wargs
  A human simulacrum (Vaults:3)
  20 swamp worms
  59 nagas
  16 insubstantial wisps
  6 water moccasins
  An acid dragon (D:13)
  A soldier ant (shapeshifter) (D:14)
  4 hell hounds (Lair:6)
  A soldier ant (D:10)
  A floating eye (Depths:2)
  A floating eye (shapeshifter) (Vaults:4)
  14 porcupines
  13 swamp drakes
  3 black bears
  A black bear (shapeshifter) (Vaults:5)
  An ice beast (D:8)
  A hornet zombie (D:15)
  70 orc warriors
  7 eyes of draining
  A sky beast (D:14)
  6 wolves
  A necrophage (D:12)
  57 ogres
  A phantom (D:7)
  9 boggarts
  29 centaurs
  An elf skeleton (Vaults:3)
  11 crocodiles
  A crocodile (shapeshifter) (Depths:1)
  5 big kobolds
  9 bullfrogs
  5 earth elementals
  A wyvern skeleton (D:15)
  5 scorpions
  An elf simulacrum (Vaults:1)
  37 killer bees
  14 wights
  4 howler monkeys
  12 crimson imps
  A quasit (D:9)
  3 bullfrog zombies
  3 iron imps (Depths:5)
  5 jellies
  35 orc priests
  8 hounds
  6 centaur skeletons
  20 orc wizards
  A gnoll shaman (D:4)
  5 worker ants
  6 iguanas
  A hound skeleton (D:7)
  10 gnolls
  16 adders
  7 shadow imps
  A white imp (Depths:5)
  3 oozes
  An adder skeleton (D:8)
  8 worms
  3 dart slugs
  7 leopard geckos
  148 orcs
  4 ball pythons
  5 bats
  6 giant cockroaches
  10 hobgoblins
  24 jackals
  25 kobolds
  6 quokkas
  6 frilled lizards
  A giant cockroach zombie (D:6)
  8 goblins
  A quokka skeleton (D:4)
  15 rats
  A fungus (Lair:1)
2610 creatures vanquished.

Vanquished Creatures (collateral kills)
  A Killer Klown (Zot:5)
  2 tentacled monstrosities (Zot:5)
  4 Orb Guardians (Zot:5)
  A titan (Vaults:5)
  A shadow dragon (Zot:5)
  A draconian stormcaller (Zot:5)
  A white draconian (Zot:5)
  2 red draconians (Zot:5)
  A yellow draconian (Zot:5)
  A yaktaur captain (Vaults:5)
  A deep elf knight (Elf:3)
  2 deep elf magi (Elf:3)
  A guardian serpent (shapeshifter) (Vaults:5)
  A freezing wraith (Vaults:5)
  An orc warrior (Elf:3)
  An orc (Elf:3)
22 creatures vanquished.

Vanquished Creatures (others)
  An electric golem (Zot:5)
  2 deep elf master archers (Elf:3)
  A draconian knight (Zot:2)
  An alligator (Swamp:2)
  2 spriggans (Swamp:4)
  A deep elf knight (Elf:3)
  4 deep elf archers
  A deep elf mage (Elf:2)
  A moth of wrath (Zot:3)
  3 yaktaurs
  2 hornets (Swamp:4)
  An air elemental (WizLab)
  5 humans (Swamp:2)
  A naga (Snake:4)
  A swamp drake (Swamp:4)
  An eye of draining (Slime:5)
  A boggart (Depths:2)
  An orc (Vaults:5)
  5 fungi
  2 plants (Lair:6)
37 creatures vanquished.

Grand Total: 2669 creatures vanquished

Notes
Turn   | Place    | Note
-------+----------+-------------------------------------------
     0 | D:1      | BoppinsLewinski the Demonspawn Gladiator began the quest
                  | for the Orb.
     0 | D:1      | Reached XP level 1. HP: 16/16 MP: 1/1
   531 | D:1      | Gained mutation: When hurt, damage is shared between your
                  | health and your magic reserves. [demonic ancestry]
   531 | D:1      | Reached XP level 2. HP: 22/22 MP: 2/2
  1181 | D:1      | Gained mutation: You have large cloven feet. [demonic
                  | ancestry]
  1181 | D:1      | Reached XP level 3. HP: 27/27 MP: 3/3
  1860 | D:2      | Reached skill level 1 in Armour
  1867 | D:2      | Noticed a bullfrog
  1994 | D:2      | Gained mutation: You have sharp fingernails. [demonic
                  | ancestry]
  1994 | D:2      | Reached XP level 4. HP: 33/34 MP: 2/4
  2280 | D:2      | Found a burning altar of Makhleb.
  2280 | D:2      | Found a shimmering altar of Xom.
  2372 | D:3      | Found a glowing drain.
  2382 | Sewer    | Entered a sewer
  2532 | Sewer    | Noticed a big kobold
  2552 | Sewer    | Killed a big kobold
  2552 | Sewer    | Gained mutation: You regenerate magic rapidly. [demonic
                  | ancestry]
  2552 | Sewer    | Reached XP level 5. HP: 40/40 MP: 5/5
  2769 | Sewer    | Reached XP level 6. HP: 47/47 MP: 6/6
  3224 | D:3      | Found a shattered altar of Ashenzari.
  3284 | D:3      | Gained mutation: You have a pair of small horns on your
                  | head. [demonic ancestry]
  3284 | D:3      | Reached XP level 7. HP: 25/52 MP: 7/7
  3499 | D:3      | Found a faded altar of an unknown god.
  3804 | D:3      | Reached skill level 5 in Polearms
  5041 | D:4      | Gained mutation: You have hoof-like feet. [demonic
                  | ancestry]
  5041 | D:4      | Reached XP level 8. HP: 55/60 MP: 5/8
  5981 | D:5      | Entered Level 5 of the Dungeon
  7475 | D:5      | Found a sparkling altar of Nemelex Xobeh.
  7653 | D:6      | Found a staircase to the Ecumenical Temple.
  7664 | Temple   | Entered the Ecumenical Temple
  8025 | D:6      | Found a runed translucent door.
  8034 | D:6      | Noticed TheDoctor's ghost (novice OpAE)
  8252 | D:6      | Reached skill level 5 in Dodging
  8671 | D:7      | Reached skill level 5 in Fighting
  8769 | D:7      | Reached skill level 1 in Evocations
  8769 | D:7      | Gained mutation: You have a pair of horns on your head.
                  | [demonic ancestry]
  8769 | D:7      | Reached XP level 9. HP: 42/68 MP: 6/9
  9688 | D:8      | Reached skill level 5 in Throwing
  9694 | D:8      | Noticed a death yak
  9705 | D:8      | Noticed a death yak
  9707 | D:8      | Noticed a death yak
 10509 | D:8      | Found a staircase to the Lair.
 10556 | D:8      | Noticed Grum
 10565 | D:8      | Killed Grum
 10972 | D:7      | Killed a death yak
 10972 | D:7      | Reached skill level 5 in Armour
 10972 | D:7      | Gained mutation: You have very sharp fingernails. [demonic
                  | ancestry]
 10972 | D:7      | Reached XP level 10. HP: 76/76 MP: 9/12
 11193 | D:8      | Found Zabumid's Food Boutique.
 11337 | D:8      | Found a radiant altar of Vehumet.
 11337 | D:8      | Found a sacrificial altar of Ru.
 11337 | D:8      | Found a bloodstained altar of Trog.
 11339 | D:8      | Found an ornate altar of the Wu Jian Council.
 11340 | D:8      | Found an iron altar of Okawaru.
 11345 | D:8      | Found a radiant altar of Vehumet.
 11480 | D:8      | Found a staircase to the Lair.
 11531 | D:8      | Killed a death yak
 11540 | D:8      | Killed a death yak
 11927 | D:8      | Found Zabumid's Food Boutique.
 12158 | Lair:1   | Entered Level 1 of the Lair of Beasts
 12765 | Lair:1   | Noticed a spiny frog
 12777 | Lair:1   | Killed a spiny frog
 13113 | Lair:1   | Noticed a spiny frog
 13126 | Lair:1   | Killed a spiny frog
 13659 | Lair:1   | Gained mutation: You have a pair of large horns on your
                  | head. [demonic ancestry]
 13659 | Lair:1   | Reached XP level 11. HP: 67/83 MP: 12/14
 14060 | Lair:1   | Noticed a six-headed hydra
 14069 | Lair:1   | Killed a six-headed hydra
 14320 | Lair:1   | Noticed Urug
 14348 | Lair:1   | Killed Urug
 14348 | Lair:1   | Reached skill level 5 in Evocations
 14721 | Lair:2   | Found a dark tunnel.
 14726 | Volcano  | Entered a volcano
 15960 | Lair:2   | Reached skill level 10 in Polearms
 16031 | Lair:2   | Reached skill level 1 in Shields
 16407 | Lair:3   | Noticed Rupert
 16428 | Lair:3   | Killed Rupert
 16428 | Lair:3   | Gained mutation: You are slightly more attuned to the
                  | shadows. [demonic ancestry]
 16428 | Lair:3   | Reached XP level 12. HP: 92/92 MP: 16/16
 16705 | Lair:3   | Got an ichor-stained glaive
 16706 | Lair:3   | Identified the +4 glaive "Haaff" {drain, Dex+7} (You found
                  | it on level 3 of the Lair of Beasts)
 16844 | Lair:3   | Noticed a six-headed hydra
 16852 | Lair:3   | Killed a six-headed hydra
 16882 | Lair:3   | Noticed a four-headed hydra
 16892 | Lair:3   | Killed a four-headed hydra
 17287 | Lair:3   | Found a staircase to the Swamp.
 17855 | Lair:4   | Found a staircase to the Snake Pit.
 18112 | Lair:4   | Noticed a seven-headed hydra
 18119 | Lair:4   | Killed a seven-headed hydra
 18122 | Lair:4   | Noticed an eight-headed hydra
 18130 | Lair:4   | Killed an eight-headed hydra
 19058 | Lair:5   | Got a smoking amber ring
 19093 | Lair:5   | Identified the cursed ring "Ufrahoce" {rC- rN++ MR++ Int-5}
                  | (You found it on level 5 of the Lair of Beasts)
 19221 | Lair:5   | Noticed a death yak
 19221 | Lair:5   | Noticed a death yak
 19223 | Lair:5   | Noticed a death yak
 19227 | Lair:5   | Noticed a death yak
 19256 | Lair:5   | Killed a death yak
 19263 | Lair:5   | Killed a death yak
 19270 | Lair:5   | Killed a death yak
 19270 | Lair:5   | Reached skill level 5 in Shields
 19288 | Lair:5   | Killed a death yak
 20044 | Lair:6   | Entered Level 6 of the Lair of Beasts
 20252 | Lair:6   | Gained mutation: You have claws for hands. [demonic
                  | ancestry]
 20252 | Lair:6   | Reached XP level 13. HP: 91/99 MP: 18/18
 20467 | Lair:6   | Found a staircase to the Slime Pits.
 20473 | Slime:1  | Entered Level 1 of the Pits of Slime
 20474 | Slime:1  | Noticed an acid blob
 20762 | D:2      | Became a worshipper of Makhleb the Destroyer
 21988 | Lair:6   | Reached * piety under Makhleb
 22345 | Lair:6   | Identified a scroll of acquirement
 22661 | Lair:6   | Found a burning altar of Makhleb.
 23190 | Lair:6   | Found a gateway to Hell.
 23196 | Lair:6   | Identified the Reference Book on the Traveller and
                  | Transmigration
 23377 | D:9      | Noticed Erica
 23389 | D:9      | Killed Erica
 23631 | D:9      | Found a staircase to the Orcish Mines.
 23854 | D:9      | Found a transporter.
 23857 | D:9      | Found a transporter.
 23905 | D:9      | Noticed THUG4L1F3's ghost (novice TrHu)
 23941 | D:9      | Killed THUG4L1F3's ghost
 23941 | D:9      | Reached ** piety under Makhleb
 24155 | D:9      | Got a translucent chain mail
 24156 | D:9      | Identified the +7 chain mail "Sulam" {rC+ Str+10} (You
                  | found it on level 9 of the Dungeon)
 24250 | Orc:1    | Entered Level 1 of the Orcish Mines
 24525 | Orc:1    | Reached XP level 14. HP: 81/108 MP: 17/20
 24556 | Orc:1    | Noticed an orc warlord
 24608 | D:9      | Reached *** piety under Makhleb
 24707 | D:9      | Killed an orc warlord
 24785 | D:10     | Entered Level 10 of the Dungeon
 25104 | Orc:1    | Noticed Harold
 25116 | Orc:1    | Killed Harold
 25189 | Orc:2    | Entered Level 2 of the Orcish Mines
 25479 | Orc:2    | Noticed a stone giant
 25488 | Orc:2    | Killed a stone giant
 25635 | Orc:2    | Reached **** piety under Makhleb
 26091 | Orc:2    | Found a staircase to the Elven Halls.
 26281 | Orc:2    | Noticed a stone giant
 26295 | Orc:2    | Killed a stone giant
 26344 | Orc:2    | Found a roughly hewn altar of Beogh.
 26482 | Orc:2    | Found Duavol's Food Boutique.
 26486 | Orc:2    | Found Orowk's General Store.
 26750 | Orc:2    | Noticed an orc warlord
 26766 | Orc:2    | Killed an orc warlord
 26824 | Orc:2    | Reached skill level 10 in Fighting
 27078 | Orc:2    | Reached ***** piety under Makhleb
 27112 | Orc:2    | Gained mutation: Potions are less effective at restoring
                  | your health. [a neqoxec]
 27126 | Orc:2    | Lost mutation: Potions are less effective at restoring your
                  | health. [potion of mutation]
 27126 | Orc:2    | Gained mutation: Your spells are a little easier to cast,
                  | but a little less powerful. [potion of mutation]
 27126 | Orc:2    | Gained mutation: You are somewhat resistant to further
                  | mutation. [potion of mutation]
 27143 | Orc:2    | Found a roughly hewn altar of Beogh.
 27325 | Orc:2    | Found Doren's Antique Weapon Emporium.
 27380 | Orc:2    | Found Guutakoo's Antique Weapon Shop.
 27454 | Orc:2    | Bought a potion of curing for 54 gold pieces
 27975 | D:10     | Reached skill level 1 in Invocations
 28566 | D:11     | Found a blossoming altar of Fedhas.
 29013 | D:12     | Gained mutation: You are significantly more attuned to the
                  | shadows. [demonic ancestry]
 29013 | D:12     | Reached XP level 15. HP: 115/115 MP: 14/21
 29440 | D:12     | Reached ****** piety under Makhleb
 30110 | D:13     | Noticed Nessos
 30114 | D:13     | Killed Nessos
 30671 | Swamp:1  | Entered Level 1 of the Swamp
 30739 | Swamp:1  | Reached skill level 5 in Invocations
 31570 | Swamp:2  | Noticed Kirke
 31580 | Swamp:2  | Killed Kirke
 33279 | Swamp:3  | Gained mutation: You have hooves in place of feet. [demonic
                  | ancestry]
 33279 | Swamp:3  | Reached XP level 16. HP: 124/124 MP: 20/23
 33461 | Swamp:4  | Entered Level 4 of the Swamp
 33594 | Swamp:4  | Reached skill level 10 in Armour
 34160 | Swamp:4  | Reached skill level 10 in Evocations
 34609 | Swamp:4  | Reached skill level 10 in Shields
 34873 | Swamp:4  | Noticed the 27-headed Lernaean hydra
 34876 | Swamp:4  | Killed the 27-headed Lernaean hydra
 35172 | Swamp:4  | Got a decaying rune of Zot
 35444 | Snake:1  | Entered Level 1 of the Snake Pit
 35466 | Snake:1  | Identified the cursed +0 trident of Yjutt {pierce, Fragile
                  | rPois Str+9 Stlth+} (You found it on level 1 of the Snake
                  | Pit)
 36192 | Snake:1  | Reached skill level 10 in Invocations
 38551 | Snake:3  | Noticed Vashnia
 38576 | Snake:3  | Gained mutation: You are completely attuned to the shadows.
                  | [demonic ancestry]
 38576 | Snake:3  | Reached XP level 17. HP: 119/131 MP: 14/25
 39390 | Snake:3  | Killed Vashnia
 39816 | Snake:3  | Noticed Jorgrun
 39825 | Snake:3  | Killed Jorgrun
 40059 | Snake:4  | Entered Level 4 of the Snake Pit
 40454 | Snake:4  | Got a steaming copper amulet
 40467 | Snake:4  | Reached skill level 15 in Polearms
 42783 | Snake:4  | Reached XP level 18. HP: 136/140 MP: 23/27
 43135 | Snake:4  | Got a serpentine rune of Zot
 43147 | Snake:4  | Identified the amulet "Zein" {RegenMP Int+4} (You found it
                  | on level 4 of the Snake Pit)
 43541 | D:14     | Found a hazy altar of Hepliaklqana.
 43578 | D:14     | You fall into a shaft and drop 1 floor!
 43578 | D:15     | Entered Level 15 of the Dungeon
 43579 | D:15     | Identified Roxanne's Almanac of Changing
 43579 | D:15     | Noticed Roxanne
 43646 | D:15     | Found Fonysch's Pet Rocks.
 43745 | D:15     | Noticed Josephine
 43768 | D:15     | Killed Josephine
 43796 | D:15     | Reached skill level 10 in Dodging
 43953 | D:15     | Noticed Louise
 43965 | D:15     | Killed Louise
 44029 | D:15     | Found a staircase to the Depths.
 44114 | D:15     | Noticed Agnes
 44134 | D:15     | Killed Agnes
 44925 | D:14     | Found a gate to the Vaults.
 45376 | Vaults:1 | Entered Level 1 of the Vaults
 46897 | Vaults:1 | Reached XP level 19. HP: 148/148 MP: 29/29
 47554 | Vaults:2 | Reached skill level 15 in Invocations
 49221 | Vaults:3 | Gained mutation: When low on magic, you restore magic in
                  | place of health. [demonic ancestry]
 49221 | Vaults:3 | Reached XP level 20. HP: 156/156 MP: 32/32
 49660 | Vaults:3 | Found a portal to a secret trove of treasure.
 50195 | Vaults:3 | Found a staircase to the Crypt.
 50605 | Vaults:4 | Found a magical portal.
 51810 | WizLab   | Identified the Guide on Air
 51812 | WizLab   | Identified the Almanac of Combat Magic and the Birds
 53766 | Vaults:4 | Gained mutation: Your flesh is cold resistant. (rC+)
                  | [demonic ancestry]
 53766 | Vaults:4 | Reached XP level 21. HP: 164/164 MP: 31/33
 54250 | Depths:1 | Entered Level 1 of the Depths
 54976 | Depths:1 | Noticed a golden dragon
 54997 | Depths:1 | Killed a golden dragon
 56056 | Depths:2 | Found a runed translucent door.
 56056 | Depths:2 | Found a runed translucent door.
 56101 | Depths:2 | Identified the ring "Ywkef" {+Blink +Fly MR++ Int+4 Dex+3}
 56101 | Depths:2 | Noticed Mara
 56108 | Depths:2 | Killed Mara
 56244 | Depths:2 | Identified the cursed +3 war axe of Coizivon {protect,
                  | +Blink}
 56270 | Depths:2 | Found the +7 sceptre of Torment {pain, torment}
 56276 | Depths:2 | Paralysed by a floating eye for 2 turns
 56288 | Depths:2 | Paralysed by a floating eye for 3 turns
 56301 | Depths:2 | Paralysed by a floating eye for 3 turns
 56406 | Depths:2 | Found a one-way gate to the infinite horrors of the Abyss.
 57046 | Depths:3 | Found a hide-covered altar of Uskayaw.
 57049 | Depths:3 | Noticed a caustic shrike
 57049 | Depths:3 | Noticed a caustic shrike
 57224 | Depths:3 | Gained mutation: You are immune to freezing clouds.
                  | [demonic ancestry]
 57224 | Depths:3 | Reached XP level 22. HP: 164/173 MP: 33/35
 57389 | Depths:3 | Noticed Jory
 57401 | Depths:3 | Killed Jory
 57472 | Depths:3 | Found a one-way gate leading to the halls of Pandemonium.
 57607 | Depths:3 | Found Qoduob's Jewellery Emporium.
 57626 | Depths:3 | Noticed Frederick
 57631 | Depths:3 | Killed Frederick
 57947 | Depths:3 | Found Qoduob's Jewellery Emporium.
 58062 | Depths:3 | Found a one-way gate leading to the halls of Pandemonium.
 59092 | Depths:4 | Found a runed translucent door.
 59175 | Depths:4 | Noticed a juggernaut
 59175 | Depths:4 | Identified the +9 great sword "Xapsud" {slice, *Slow rElec
                  | rPois Str-2}
 59184 | Depths:4 | Killed a juggernaut
 59521 | Depths:4 | Noticed a juggernaut
 59915 | Depths:4 | Noticed a golden dragon
 59956 | Depths:4 | Identified the cursed +2 halberd of the Imperium {holy,
                  | Str+3}
 59957 | Depths:4 | Noticed a golden dragon
 60029 | Depths:5 | Entered Level 5 of the Depths
 60866 | Depths:5 | Reached skill level 15 in Fighting
 61120 | Depths:5 | Got a fine bone ring
 61437 | Depths:5 | Identified the ring "Nykk" {-Tele rPois rF+++ rCorr Int+4}
                  | (You found it on level 5 of the Depths)
 61443 | Depths:5 | Found a gate to the Realm of Zot.
 61660 | Depths:5 | Found a gateway to a ziggurat.
 61667 | Depths:5 | Reached XP level 23. HP: 181/181 MP: 33/36
 62189 | Elf:1    | Entered Level 1 of the Elven Halls
 62633 | Elf:1    | Found Juefafid's Food Shoppe.
 62791 | Elf:1    | Identified the Almanac of the Entourage
 63313 | Elf:2    | Found Ecyas's Assorted Antiques.
 63457 | Elf:2    | Found a large runed translucent door.
 63457 | Elf:2    | Found a large runed translucent door.
 63487 | Elf:2    | Found a large runed translucent door.
 63487 | Elf:2    | Found a large runed translucent door.
 63576 | Elf:2    | Found Pemeipn's Jewellery Boutique.
 63576 | Elf:2    | Found Zuno Suevur's Jewellery Boutique.
 63577 | Elf:2    | Found Ymosepn's Gadget Shoppe.
 63583 | Elf:2    | Bought the ring "Xetrem" {rElec rN+} for 374 gold pieces
 63739 | Elf:3    | Entered Level 3 of the Elven Halls
 63746 | Elf:3    | Found a shimmering blue altar of Sif Muna.
 63772 | Elf:3    | Found a flickering gateway to a bazaar.
 63785 | Bazaar   | Entered a bazaar
 63790 | Bazaar   | Found Awusto's Book Shop.
 63798 | Bazaar   | Found Leom's Jewellery Boutique.
 63805 | Bazaar   | Found Eskaoh's Magic Scroll Boutique.
 63810 | Bazaar   | Bought 2 scrolls of magic mapping for 84 gold pieces
 63810 | Bazaar   | Bought a scroll of blinking for 90 gold pieces
 63810 | Bazaar   | Bought a scroll of teleportation for 36 gold pieces
 63810 | Bazaar   | Bought a scroll of acquirement for 624 gold pieces
 63825 | Bazaar   | Found Keshraowa's Assorted Antiques.
 63830 | Bazaar   | Bought 2 potions of heal wounds for 370 gold pieces
 63830 | Bazaar   | Bought a scroll of enchant weapon for 277 gold pieces
 63868 | Bazaar   | Found Lug Okk's Weapon Shoppe.
 64107 | Elf:3    | Noticed Aizul
 64115 | Elf:3    | Killed Aizul
 64171 | Elf:3    | Noticed Saint Roka
 64209 | Elf:3    | Killed Saint Roka
 64670 | Elf:3    | Reached skill level 15 in Evocations
 64995 | Elf:3    | Found the +0 staff of Battle
 65005 | Elf:3    | Identified Myafoc's Almanac of Burning Malediction
 65019 | Elf:3    | Got a slimy tin ring
 65033 | Elf:3    | Identified the ring "Renucw" {rElec rC++ EV+3} (You found
                  | it on level 3 of the Elven Halls)
 65067 | Elf:3    | Identified the Disquisition on Glacial Self-Knowledge
 65378 | Elf:2    | Bought a potion of heal wounds for 190 gold pieces
 65378 | Elf:2    | Bought a scroll of enchant armour for 285 gold pieces
 65378 | Elf:2    | Bought a scroll of enchant armour for 285 gold pieces
 66203 | Slime:2  | Reached XP level 24. HP: 191/191 MP: 36/36
 66510 | Slime:3  | Noticed Dissolution
 66518 | Slime:3  | Paralysed by a floating eye for 2 turns
 66524 | Slime:2  | Killed Dissolution
 67574 | Slime:5  | Entered Level 5 of the Pits of Slime
 68278 | Slime:5  | Noticed the Royal Jelly
 68315 | Slime:5  | Killed the Royal Jelly
 68315 | Slime:5  | Reached skill level 15 in Armour
 68340 | Slime:5  | Gained mutation: Your magical capacity is low. (-10% MP) [a
                  | shining eye]
 68343 | Slime:5  | Gained mutation: You tend to lose your temper in combat. [a
                  | shining eye]
 68348 | Slime:5  | Lost mutation: You tend to lose your temper in combat.
                  | [potion of mutation]
 68348 | Slime:5  | Lost mutation: Your magical capacity is low. (-10% MP)
                  | [potion of mutation]
 68348 | Slime:5  | Gained mutation: You expend magic power (3 MP) to
                  | strengthen your wands. [potion of mutation]
 68348 | Slime:5  | Gained mutation: You are resistant to hostile enchantments.
                  | (MR+) [potion of mutation]
 68404 | Slime:5  | Found the +5 robe of Misfortune {*Contam Harm *Corrode
                  | *Drain *Slow EV+5}
 68482 | Slime:5  | Identified the cursed +1 plate armour of Decompression
                  | {rElec rPois} (You found it on level 5 of the Pits of
                  | Slime)
 68515 | Slime:5  | Got a slimy rune of Zot
 68547 | Slime:5  | Got a coiled wooden ring
 68548 | Slime:5  | Identified the ring of Peteirch {+Inv Dex+4 Stlth+} (You
                  | found it on level 5 of the Pits of Slime)
 68559 | Slime:5  | Identified the Incunabulum of the Arsonist and Changing
 68563 | Slime:5  | Identified Mimebupp's Reference Book on Congealing
                  | Augmentations
 68578 | Slime:5  | Identified the Catalogue of Evil Glamour
 68751 | Slime:5  | Reached skill level 15 in Shields
 69240 | Vaults:3 | You showed the slimy rune of Zot to enter a treasure trove
 69241 | Trove    | Entered a treasure trove
 69267 | Trove    | Found the +7 lajatang of Order {silver, rMut}
 69723 | Elf:2    | Bought a scroll of blinking for 285 gold pieces
 69723 | Elf:2    | Bought a potion of agility for 152 gold pieces
 69828 | Orc:2    | Bought a wand of disintegration (7) for 198 gold pieces
 69828 | Orc:2    | Bought a potion of haste for 180 gold pieces
 69828 | Orc:2    | Bought a wand of acid (11) for 540 gold pieces
 70029 | Elf:2    | Bought a wand of paralysis (10) for 168 gold pieces
 70029 | Elf:2    | Bought a wand of acid (12) for 448 gold pieces
 70029 | Elf:2    | Bought a phantom mirror for 420 gold pieces
 70029 | Elf:2    | Bought a wand of iceblast (12) for 224 gold pieces
 70529 | Vaults:5 | Entered Level 5 of the Vaults
 70866 | Vaults:5 | Reached XP level 25. HP: 202/202 MP: 36/36
 71353 | Vaults:5 | Found the +8 arc blade {discharge, rElec}
 71571 | Vaults:5 | Got a scorched copper amulet
 71572 | Vaults:5 | Identified the amulet of Xom's Indignation {Inacc rPois}
                  | (You found it on level 5 of the Vaults)
 71976 | Vaults:5 | Identified the ring of Xom's Righteous Anger {Fire MR+
                  | Str+3}
 71986 | Vaults:5 | Identified the +9 dagger of Defence {flame, Str+7 Int-5}
 72045 | Vaults:5 | Reached skill level 15 in Dodging
 72306 | Vaults:5 | Got a silver rune of Zot
 72307 | Vaults:5 | Identified the Tome of Warped Ignition
 73058 | Zot:1    | Entered Level 1 of the Realm of Zot
 73902 | Zot:1    | Reached XP level 26. HP: 209/213 MP: 35/36
 75808 | Zot:2    | Identified the Guide on Spatial Changing
 76387 | Zot:3    | Found a transporter.
 76389 | Zot:3    | Noticed glubgluby's ghost (master MiBe)
 76414 | Zot:3    | Found a transporter.
 77566 | Zot:4    | Noticed an orb of fire
 77767 | Zot:3    | Gained mutation: You tend to lose your temper in combat.
                  | [an orb of fire]
 77772 | Zot:3    | Killed an orb of fire
 77779 | Zot:3    | Lost mutation: You are somewhat resistant to further
                  | mutation. [potion of mutation]
 77779 | Zot:3    | Lost mutation: You expend magic power (3 MP) to strengthen
                  | your wands. [potion of mutation]
 77779 | Zot:3    | Lost mutation: You are resistant to hostile enchantments.
                  | (MR+) [potion of mutation]
 77779 | Zot:3    | Lost mutation: Your spells are a little easier to cast, but
                  | a little less powerful. [potion of mutation]
 77779 | Zot:3    | Gained mutation: Your muscles are strong. (Str +2) [potion
                  | of mutation]
 77780 | Zot:3    | Lost mutation: Your muscles are strong. (Str +2) [potion of
                  | mutation]
 77780 | Zot:3    | Lost mutation: You tend to lose your temper in combat.
                  | [potion of mutation]
 77780 | Zot:3    | Gained mutation: You tend to lose your temper in combat.
                  | [potion of mutation]
 77780 | Zot:3    | Lost mutation: You tend to lose your temper in combat.
                  | [potion of mutation]
 77780 | Zot:3    | Gained mutation: Scrolls take you a little longer to read.
                  | [potion of mutation]
 77780 | Zot:3    | Gained mutation: Your muscles are strong. (Str +2) [potion
                  | of mutation]
 77781 | Zot:3    | Lost mutation: Your muscles are strong. (Str +2) [potion of
                  | mutation]
 77781 | Zot:3    | Lost mutation: Scrolls take you a little longer to read.
                  | [potion of mutation]
 77781 | Zot:3    | Gained mutation: Your spells are a little harder to cast,
                  | but a little more powerful. [potion of mutation]
 77781 | Zot:3    | Gained mutation: You are clumsy. (Dex -2) [potion of
                  | mutation]
 77781 | Zot:3    | Gained mutation: You tend to lose your temper in combat.
                  | [potion of mutation]
 77781 | Zot:3    | Gained mutation: You have very sharp teeth. [potion of
                  | mutation]
 77793 | Zot:3    | Gained mutation: A frigid envelope surrounds you and
                  | freezes all who hurt you. [demonic ancestry]
 77793 | Zot:3    | Reached XP level 27. HP: 224/224 MP: 36/36
 79238 | Zot:5    | Entered Level 5 of the Realm of Zot
 80137 | Zot:5    | Noticed an orb of fire
 80139 | Zot:5    | Gained mutation: Your magical capacity is low. (-10% MP)
                  | [an orb of fire]
 80143 | Zot:5    | Gained mutation: You are very clumsy. (Dex -4) [an orb of
                  | fire]
 80150 | Zot:5    | Gained mutation: Your magical capacity is very low. (-20%
                  | MP) [an orb of fire]
 80154 | Zot:5    | Killed an orb of fire
 80154 | Zot:5    | Noticed an orb of fire
 80163 | Zot:5    | Killed an orb of fire
 80168 | Zot:5    | Noticed an orb of fire
 80169 | Zot:5    | Gained mutation: Armour fits poorly on your strangely
                  | shaped body. [an orb of fire]
 80170 | Zot:5    | Gained mutation: Potions are less effective at restoring
                  | your health. [an orb of fire]
 80187 | Zot:5    | Killed an orb of fire
 80189 | Zot:5    | Lost mutation: Armour fits poorly on your strangely shaped
                  | body. [potion of mutation]
 80189 | Zot:5    | Lost mutation: You tend to lose your temper in combat.
                  | [potion of mutation]
 80189 | Zot:5    | Lost mutation: You have very sharp teeth. [potion of
                  | mutation]
 80189 | Zot:5    | Gained mutation: Armour fits poorly on your strangely
                  | shaped body. [potion of mutation]
 80189 | Zot:5    | Gained mutation: You are frail. (-10% HP) [potion of
                  | mutation]
 80189 | Zot:5    | Gained mutation: You have very sharp teeth. [potion of
                  | mutation]
 80190 | Zot:5    | Lost mutation: You are very clumsy. (Dex -4) [potion of
                  | mutation]
 80190 | Zot:5    | Lost mutation: Your spells are a little harder to cast, but
                  | a little more powerful. [potion of mutation]
 80190 | Zot:5    | Gained mutation: You are weak. (Str -2) [potion of
                  | mutation]
 80190 | Zot:5    | Gained mutation: Your mind is acute. (Int +2) [potion of
                  | mutation]
 80191 | Zot:5    | Lost mutation: Your magical capacity is very low. (-20% MP)
                  | [potion of mutation]
 80191 | Zot:5    | Lost mutation: Armour fits poorly on your strangely shaped
                  | body. [potion of mutation]
 80191 | Zot:5    | Lost mutation: Your magical capacity is low. (-10% MP)
                  | [potion of mutation]
 80191 | Zot:5    | Lost mutation: You are weak. (Str -2) [potion of mutation]
 80191 | Zot:5    | Lost mutation: You are frail. (-10% HP) [potion of
                  | mutation]
 80191 | Zot:5    | Gained mutation: You are robust. (+10% HP) [potion of
                  | mutation]
 80192 | Zot:5    | Lost mutation: Your mind is acute. (Int +2) [potion of
                  | mutation]
 80192 | Zot:5    | Lost mutation: You are clumsy. (Dex -2) [potion of
                  | mutation]
 80192 | Zot:5    | Gained mutation: Your magical capacity is low. (-10% MP)
                  | [potion of mutation]
 80192 | Zot:5    | Gained mutation: You possess an exceptional clarity of
                  | mind. [potion of mutation]
 80196 | Zot:5    | Noticed an orb of fire
 80198 | Zot:5    | Lost mutation: Your magical capacity is low. (-10% MP) [an
                  | orb of fire]
 80202 | Zot:5    | Gained mutation: Your body sometimes deteriorates upon
                  | taking damage. [an orb of fire]
 80211 | Zot:5    | Killed an orb of fire
 80253 | Zot:5    | Noticed an orb of fire
 80261 | Zot:5    | Killed an orb of fire
 80290 | Zot:5    | Noticed a juggernaut
 80290 | Zot:5    | a Killer Klown changed into a juggernaut
 80292 | Zot:5    | Killed a juggernaut
 80375 | Zot:5    | Noticed an ancient lich
 80383 | Zot:5    | Killed an ancient lich
 80585 | Zot:5    | Noticed an orb of fire
 80599 | Zot:5    | Killed an orb of fire
 80755 | Zot:5    | Noticed an ancient lich
 80766 | Zot:5    | Killed an ancient lich
 81476 | Zot:5    | Mangled by an Orb Guardian

Levels and vault maps discovered:
D:1:      dpeg_arrival_solitude, layout_loops_ring
D:2:      layout_basic, gammafunk_temple_overflow_elements,
          lightli_corner_chamber
D:3:      layout_basic, chequers_ecumenical_altar_simple_redux,
          portal_sewer_entry_a, nicolae_ashenzari_panopticon
D:4:      layout_layer_cave, first_ration
D:5:      layout_layer_cave, kennysheep_mini
D:6:      layout_basic, minmay_temple_entry_large_hall, ebering_ghost_sewer_d
D:7:      layout_loops_ring
D:8:      layout_basic, minitemple, dpeg_lair_monsters, serial_shops,
          nicolae_shop_crystal, uniq_grum
D:9:      layout_roguey, orc_0_dummy, gammafunk_ghost_hive, the_bakery,
          uniq_erica
D:10:     layout_loops_corners, chequers_serial_rivers_small_3
D:11:     layout_basic, fedhas_altar_1
D:12:     layout_long_grid, minmay_fractal_squares_5
D:13:     layout_rooms, uniq_nessos
D:14:     layout_irregular_city, david_vaults_4, basic_altar,
          serial_park_square3 [serial_park_minivault_5x5_3]
D:15:     grunt_enter_depths_snipers, layout_basic, guppyfry_shop_earth,
          uniq_josephine, uniq_roxanne, uniq_agnes, uniq_louise
Temple:   zaba_magenta_temple
Lair:1:   layout_long_grid, st_stairs_11, beast_lair_carwin_2,
          grunt_megastairs_3, uniq_urug
Lair:2:   layout_chaotic_city, enter_volcano_1, serial_bayou_crossing,
          grunt_megastairs_4
Lair:3:   layout_regular_city, palyth_hydra_swamp_entry, uniq_rupert
Lair:4:   layout_layer_cave, guppyfry_snake_entry_island
Lair:5:   layout_loops_ring, lemuel_fruit_tree
Lair:6:   evil_forest, layout_regular_city, minmay_slime_entry_pillars
Swamp:1:  layout_falls_marsh, serial_swamp_ruin, hangedman_swamp_ruin_hall,
          evilmike_swamp_ruin_house_1, evilmike_swamp_ruin_house_6
Swamp:2:  layout_falls_marsh, nicolae_swamp_fairy_circle, swamp_pool3,
          infiniplex_staircase_pool, uniq_kirke
Swamp:3:  layout_basic_swamp, hangedman_swamp_cone
Swamp:4:  swamp_old_school, layout_basic_swamp
Snake:1:  layout_honeycomb
Snake:2:  layout_honeycomb, serial_bayou_pond_d
Snake:3:  layout_rooms, statue_in_the_mist_lemuel, uniq_vashnia, uniq_jorgrun
Snake:4:  grunt_snake_rune_pools, layout_grid_shapes
Slime:1:  cheibrodos_slime_lost_civilization_2, layout_caves
Slime:2:  layout_caves
Slime:3:  cheibrodos_slime_lost_civilization_1, layout_caves, dissolution_awaits
Slime:4:  layout_caves
Slime:5
Orc:1:    layout_caves, uniq_harold
Orc:2:    pubby_orc_utopia
Elf:1:    minmay_elf_arrival_circle, layout_geoelf_octagon, serial_shops,
          nicolae_shop_waterfront, minmay_elf_demonology, kb_rosetta
Elf:2:    layout_geoelf_grid, serial_shops, shop, minmay_shop_grove
Elf:3:    minmay_elf_hall_furrowed, layout_loops_ring, basic_altar,
          serial_shops, bzr_entry_customers, uniq_aizul, uniq_saint_roka
Vaults:1: v_alt_pattern_5, nicolae_vaults_ninety_degrees,
          nicolae_vaults_what_the_h, vaults_dpeg_cross,
          nicolae_vaults_circle_grid_b, vaults_standard_mumra_x,
          v_alt_pattern_2, nicolae_vaults_little_ls, ontoclasm_vaults_eye,
          grunt_vaults_hallway_short, nicolae_vaults_gold_heap, serial_ice_m,
          nicolae_vaults_little_squares_3, layout_vaults_big_cross
Vaults:2: vaults_room_large_hall, v_rooms_1, v_misc_25,
          nicolae_vaults_diagonal_hallway_7, vaults_room_stairs_pillars,
          nicolae_vaults_yaktaur_gun_rack, nicolae_vaults_disjoint_gnomons,
          ontoclasm_vaults_pinch, vaults_mumra_lcd, ontoclasm_vaults_ligature,
          hangedman_vaults_river_flow, v_misc_12, v_misc_11,
          nicolae_vaults_circle_grid_b, layout_vaults_maze_bifur
Vaults:3: grunt_vaults_twisty, nicolae_vaults_network_barrier, st_cross,
          v_misc_8, v_pattern_4, grunt_vaults_diagonal, vaults_mumra_hexcomb,
          nicolae_vaults_asterisk, minmay_crypt_entry_skeletal_spiral,
          nicolae_vaults_little_squares_3, nicolae_vaults_specimen_jars,
          vaults_dpeg_hooks, dpeg_vaults_monster_box, vaults_room_corners,
          nicolae_vaults_rhombus_5, vaults_room_semicircle,
          layout_vaults_omnibox, enter_trove_3
Vaults:4: nicolae_vaults_circle_grid_a, vaults_room_stairs_pillars, v_pattern_5,
          v_misc_9, nicolae_vaults_little_squares_4, hangedman_vaults_unwind,
          v_rooms_6, grunt_vaults_funnel, nicolae_vaults_little_squares_6,
          vaults_room_grunt_arrival_checkpoint, layout_vaults_omnigrid,
          mu_enter_wizlab_5
Vaults:5: serial_shops
Depths:1: layout_basic, pf_hell_entry_tar_river, grunt_ministairs_12,
          minmay_swirly_circle
Depths:2: minmay_the_grid_triangle_9x9_rhombus_thin
          [minmay_the_grid_triangle_9x9_zippers_vertical,
          minmay_the_grid_triangle_9x9_prize_center,
          minmay_the_grid_triangle_9x9_swiss_cheese,
          minmay_the_grid_triangle_9x9_tough_junction], layout_gridlike,
          nicolae_abyss_entry_one_way_or_another, pf_hell_entry_great_geh,
          minmay_misc_feat_pillars, infiniplex_staircase_pillars_3a, uniq_mara
Depths:3: regret_index_uskayaw_diablada_macabre, layout_cave_pools, pan_entry,
          serial_shops, nicolae_shop_temple_entry_statues_fountains, hell_entry,
          minmay_misc_feat_tower, moated_statue, minmay_misc_feat_room,
          minivault_11, uniq_jory, uniq_frederick
Depths:4: box_level_dp, hell_entry, abyss_entry
Depths:5: grunt_crosshair, layout_basic, enter_ziggurat_a,
          hangedman_decor_growths, grunt_hell_entry_demonic_statue, pan_entry
Zot:1:    layout_cathedral_of_symmetry, st_stairs_5, grunt_ministairs_2,
          hangedman_zot_gyre
Zot:2:    layout_concentric_octagons, hangedman_zot_decor_tridents,
          guppyfry_library_mini
Zot:3:    lemuel_firehouse, layout_cathedral_of_symmetry,
          gammafunk_ghost_berserking_beasts, hangedman_spider_trapstep
Zot:4:    kennysheep_room_grid, layout_onion_interference, zot_minivault_1
Zot:5:    layout_onion, st_stairs_1

Skill      XL: |  1  2  3  4  5  6  7  8  9 10 11 12 13 14 15 16 17 18 19 20 21 22 23 24 25 26 27 |
---------------+----------------------------------------------------------------------------------+-----
Polearms       | 3 4 5 6 8 9 10 11 12 13 14 15 16 17 18 19 20 21 | 21.5
Throwing       | 2 3 4 5 6 7 8 9 |  9.3
Dodging        | 3 4 5 6 7 8 9 10 11 12 13 14 15 16 | 16.9
Armour         | 1 2 3 4 5 6 7 8 9 10 11 12 13 14 15 16 17 | 17.5
Fighting       | 3 4 5 6 7 8 9 10 11 12 13 14 15 16 17 18 20 21 | 21.6
Evocations     | 1 3 4 5 7 8 9 10 11 12 13 14 15 16 17 18 | 18.5
Shields        | 2 5 7 9 10 11 12 13 14 15 16 17 | 17.5
Invocations    | 3 7 10 12 14 16 17 18 | 18.0

Action                   |  1- 3 |  4- 6 |  7- 9 | 10-12 | 13-15 | 16-18 | 19-21 | 22-24 | 25-27 || total
-------------------------+-------+-------+-------+-------+-------+-------+-------+-------+-------++-------
Melee: Trident           |   174 |   174 |    29 |       |       |       |       |       |       ||   377
       Kick              |    20 |    39 |   107 |   148 |       |   642 |   804 |   769 |   873 ||  3402
       Halberd           |       |       |   507 |   104 |       |       |       |       |       ||   611
       Headbutt          |       |       |    92 |   104 |   460 |   386 |   502 |   501 |   569 ||  2614
       Demon trident     |       |       |       |   363 |  1864 |  2005 |  1770 |  1819 |  1815 ||  9636
       Mace              |       |       |       |     3 |       |       |       |       |       ||     3
       Bite              |       |       |       |       |       |       |       |       |    70 ||    70
Throw: Throwing net      |     3 |     2 |     1 |       |     1 |       |       |     1 |     7 ||    15
       Dart              |       |       |     4 |    33 |     8 |       |    10 |       |       ||    55
       Boomerang         |       |       |       |    39 |    13 |    10 |       |     5 |    30 ||    97
       Javelin           |       |       |       |     4 |    27 |    20 |    23 |    67 |    21 ||   162
Invok: Lesser Servant of |       |       |       |       |       |     1 |       |       |     1 ||     2
       Greater Servant o |       |       |       |       |       |       |       |     2 |     9 ||    11
 Abil: Evoke Berserk Rag |       |       |     1 |     6 |     8 |     6 |     5 |       |     1 ||    27
       Evoke Invisibilit |       |       |       |       |     2 |       |       |       |       ||     2
Evoke: Wand              |       |       |     8 |    16 |    15 |    29 |    17 |    17 |    20 ||   122
       Lightning rod     |       |       |       |       |     1 |       |       |     3 |       ||     4
       Lamp of fire      |       |       |       |       |       |     1 |       |     2 |       ||     3
       Phantom mirror    |       |       |       |       |       |     1 |       |     1 |       ||     2
       Fan of gales      |       |       |       |       |       |     1 |       |     1 |     2 ||     4
       Sack of spiders   |       |       |       |       |       |       |       |       |     5 ||     5
  Use: Scroll            |       |     8 |    10 |    14 |    13 |    22 |     7 |    33 |     7 ||   114
       Potion            |       |     5 |     3 |     3 |     4 |     4 |    11 |     6 |    17 ||    53
 Stab: Held in net/web   |     1 |     1 |       |       |     1 |       |       |     1 |     2 ||     6
       Paralysed         |       |       |       |       |     2 |     9 |       |       |    10 ||    21
       Invisible         |       |       |       |       |     2 |       |       |       |    12 ||    14
       Distracted        |       |       |       |       |       |     1 |     1 |     4 |     8 ||    14
       Sleeping          |       |       |       |       |       |       |     1 |     1 |     1 ||     3
       Petrifying        |       |       |       |       |       |       |       |       |     5 ||     5
       Confused          |       |       |       |       |       |       |       |       |     3 ||     3
  Eat: Chunk             |     3 |     5 |    25 |    15 |    37 |    25 |    15 |    17 |    11 ||   153
       Ration            |       |       |       |     6 |     5 |     8 |     7 |     8 |     9 ||    43
Armor: Leather armour    |    20 |       |       |       |       |       |       |       |       ||    20
       Ring mail         |    26 |       |       |       |       |       |       |       |       ||    26
       Scale mail        |       |    49 |    40 |       |       |       |       |       |       ||    89
       Chain mail        |       |       |   163 |       |   223 |   106 |   238 |   223 |   235 ||  1188
       Plate armour      |       |       |    15 |   157 |   347 |   324 |       |       |       ||   843
Dodge: Dodged            |   108 |    74 |   243 |   107 |   276 |   256 |   249 |   242 |   355 ||  1910
Block: Large shield      |       |       |       |   119 |  1054 |  1033 |  1048 |  1251 |  1285 ||  5790
       Reflection        |       |       |       |       |       |       |       |    88 |    23 ||   111
